[Event "ETCC Open 2023"]
[Site "Budva"]
[Date "2023.11.12"]
[Round "2.2"]
[White "Gledura, Benjamin"]
[Black "Svane, Rasmus"]
[Result "1/2-1/2"]
[ECO "E06"]
[WhiteElo "2633"]
[BlackElo "2647"]
[Annotator "TA"]
[PlyCount "82"]
[EventDate "2023.11.10"]
[EventType "team-tourn"]
[EventCountry "MNE"]
[SourceTitle "playchess.com"]
[Source "ChessBase"]
[SourceQuality "1"]
[WhiteTeam "Hungary"]
[BlackTeam "Germany"]
[WhiteTeamCountry "HUN"]
[BlackTeamCountry "GER"]
[TimeControl "40/5400+30:1800+30"]

1. c4 Nf6 2. Nf3 e6 3. g3 d5 4. Bg2 Be7 5. d4 O-O 6. Nc3 dxc4 7. Ne5 c5 8. dxc5 Qxd1+ 9. Nxd1 {[%emt 0:00:06] E06: Closed Catalan: Early deviations.} Bxc5 10. Ne3 c3 11. bxc3 Nc6 12. Nd3 ({But not} 12. Bxc6 bxc6 13. a4 Nd5 $15) 12... Bb6 {[%emt 0:00:07] [#]} 13. Nc4 $146 ({Predecessor:} 13. Rb1 Na5 14. O-O Bd7 15. c4 Rfc8 16. Ne5 Be8 17. Ba3 Bc5 18. Bxc5 Rxc5 19. f4 {0-1 Abdusattorov,N (2731)-Giri,A (2768) Norway Chess Armageddon 11th rapid 2023 (1)}) 13... Na5 14. Nxb6 axb6 15. Be3 b5 16. Bb6 Nc4 17. Bd4 Re8 18. f4 Nd5 19. Kf2 Bd7 20. Bxd5 exd5 21. Ne5 Nxe5 22. Bxe5 f6 23. Bd4 Kf7 24. Rhd1 {[%emt 0:00:50] The position is equal.} h5 25. Rd2 {[%emt 0:00:35] [#]} h4 $1 26. Rg1 hxg3+ 27. hxg3 Rh8 28. g4 Rh2+ 29. Ke1 Rah8 30. f5 R8h3 31. a3 g6 32. fxg6+ Kxg6 33. Rd3 Rxd3 34. exd3 $11 {[%emt 0:00:02][%mdl 4096] Endgame KRB-KRB} Ra2 35. Rf1 Ra1+ 36. Kf2 Rxa3 37. Ke3 Ra6 38. Kf4 Ra4 39. Ke3 Ra6 40. Kf4 Ra4 41. Ke3 Ra6 {[%emt 0:01:50] Not much happened in this game.   Weighted Error Value: White=0.03 (flawless) /Black=0.04 (flawless)} 1/2-1/2

[Event "ETCC Open 2023"]
[Site "Budva"]
[Date "2023.11.12"]
[Round "2.3"]
[White "Donchenko, Alexander"]
[Black "Banusz, Tamas"]
[Result "1/2-1/2"]
[ECO "D94"]
[WhiteElo "2664"]
[BlackElo "2609"]
[Annotator "TA"]
[PlyCount "131"]
[EventDate "2023.11.10"]
[EventType "team-tourn"]
[EventCountry "MNE"]
[SourceTitle "playchess.com"]
[Source "ChessBase"]
[SourceQuality "1"]
[WhiteTeam "Germany"]
[BlackTeam "Hungary"]
[WhiteTeamCountry "GER"]
[BlackTeamCountry "HUN"]
[TimeControl "40/5400+30:1800+30"]

1. d4 d5 2. c4 c6 3. Nc3 Nf6 4. e3 g6 5. Nf3 Bg7 6. Be2 O-O 7. O-O Be6 {[%emt 0:00:09] 7...a6 gains popularity.} 8. cxd5 cxd5 9. Ne5 {[%emt 0:00:27] D94: Grünfeld: 4 Nf3 Bg7 5 e3.} Nc6 10. Nxc6 bxc6 11. Bd2 {[%emt 0:00:40] White is slightly better.} Rb8 12. Na4 Ne4 {[%emt 0:01:14][%cal Oc6c5] [#]} 13. Rc1 $146 ({Predecessor:} 13. Bd3 Nxd2 14. Qxd2 Bd7 15. f4 f6 16. f5 gxf5 17. Bxf5 e6 18. Bh3 f5 19. Rf3 {½-½ Gonda,L (2552)-Banusz,T (2598) HUN-ch 63rd Gyula 2013 (7)}) 13... Bd7 14. Bf3 Nxd2 15. Qxd2 e5 16. dxe5 Bxe5 {[%emt 0:00:27] [#] Strongly threatening ...Qh4.} 17. b3 Rc8 18. Nc5 Bf5 19. Rfd1 Qe7 20. b4 Qf6 21. Nb3 h5 22. Nd4 Bd7 23. Be2 Rb8 24. a4 (24. f4 {simplifies} Bxd4 25. Qxd4 Qxd4 26. Rxd4 a5 27. bxa5 Rb2 28. Bd3) 24... Rfd8 25. g3 h4 26. b5 cxb5 27. axb5 hxg3 28. hxg3 Bxd4 29. Qxd4 Qxd4 30. Rxd4 Bxb5 31. Bxb5 Rxb5 $11 {[%emt 0:00:08][%mdl 4096] Endgame KRR-KRR} 32. Rc7 a5 33. Rf4 f5 34. Rh4 d4 35. exd4 a4 36. Ra7 Rb4 37. Rhh7 Rd6 38. Rhe7 {[%emt 0:03:06][%cal Re7e8] [#]} Kf8 {[%emt 0:00:19] Repels Re8+} 39. d5 Rd4 40. Rf7+ Kg8 $1 41. Rg7+ Kf8 42. Rh7 Kg8 {[%emt 0:00:28] Against Rh8+} 43. Rag7+ Kf8 44. Rf7+ Kg8 $1 45. Rhg7+ Kh8 46. Ra7 R6xd5 47. Rxg6 Rd7 48. Ra5 R7d5 49. Raa6 Kh7 50. Rge6 Rd7 {[%emt 0:02:50] Prevents Re7+. The position is equal.} 51. Kg2 Rf7 52. Rh6+ Kg8 53. Ra8+ Kg7 54. Rha6 Rf6 55. R6a7+ (55. Rxa4 {simplifies} Rxa4 56. Rxa4 Kg6 57. Kh3) 55... Rf7 56. Ra5 (56. Rxa4 {simplifies} Rxa4 57. Rxa4 Rb7 58. Ra5) 56... Rf6 57. R5a7+ (57. Rxa4 {simplifies} Rxa4 58. Rxa4 Kg6 59. Kh3) 57... Rf7 58. Rxa4 Rxa4 59. Rxa4 {[%emt 0:00:04] KR-KR} Rf6 60. Kf3 Rb6 61. Ra8 Kf6 62. Rf8+ Kg5 63. Kg2 Rb2 64. Ra8 Rc2 65. Kf1 Rb2 66. Ra4 {[%emt 0:00:52] Weighted Error Value: White=0.03 (flawless) /Black=0.02 (flawless)} 1/2-1/2

[Event "ETCC Open 2023"]
[Site "Budva"]
[Date "2023.11.12"]
[Round "2.4"]
[White "Balog, Imre"]
[Black "Kollars, Dmitrij"]
[Result "1/2-1/2"]
[ECO "D38"]
[WhiteElo "2617"]
[BlackElo "2642"]
[Annotator "TA"]
[PlyCount "124"]
[EventDate "2023.11.10"]
[EventType "team-tourn"]
[EventCountry "MNE"]
[SourceTitle "playchess.com"]
[Source "ChessBase"]
[SourceQuality "1"]
[WhiteTeam "Hungary"]
[BlackTeam "Germany"]
[WhiteTeamCountry "HUN"]
[BlackTeamCountry "GER"]
[TimeControl "40/5400+30:1800+30"]

1. d4 d5 2. c4 e6 3. Nf3 Nf6 4. Nc3 Bb4 5. cxd5 exd5 6. Bg5 h6 7. Bh4 O-O {[%emt 0:00:26] D38: Queen's Gambit Declined: Ragozin Defence (4 Nf3 Bb4).} 8. e3 Bf5 9. Qb3 Bxc3+ 10. bxc3 Nbd7 11. Be2 $1 c5 12. dxc5 Nxc5 13. Qb4 Rc8 14. O-O g5 15. Bg3 Nfe4 16. Be5 Re8 17. Bd4 $1 Qe7 18. Rac1 Ne6 {[%emt 0:21:25] [#]} 19. Qb2 $146 ({Predecessor:} 19. Qa5 Nxd4 20. Nxd4 Be6 21. Qxa7 Nxc3 22. Bd3 Ra8 23. Qb6 Rec8 24. Rc2 Nxa2 25. Rxc8+ Rxc8 {1-0 Petrosyan,M (2638)-Hayrapetyan,H (2484) Jermuk Asrian Memorial 13th 2022 (6)}) 19... b6 20. Rfd1 Nxd4 21. Nxd4 Bd7 22. Ba6 (22. c4 {looks sharper.} dxc4 23. Bxc4 Qe5 24. Qe2) 22... Rc7 23. c4 dxc4 24. Rxc4 Rxc4 25. Bxc4 Rc8 26. Bd3 Nc5 27. Bf5 Rc7 28. Bb1 Qf6 29. Qd2 Be6 30. h3 Rd7 31. Qc2 Qg7 {[%emt 0:02:58] Inhibits Qh7+.} 32. Rf1 (32. g4 {is interesting.} Rd6 33. Nc6 Rxd1+ 34. Qxd1 Qb2 35. Nxa7 Bxa2 36. Qd8+) 32... Bd5 (32... Qf6 {with more complications.} 33. Rc1 Rd6 34. Rd1 Kf8) 33. Qe2 Be4 (33... Qf6 $11) 34. Bxe4 $14 Nxe4 35. Qg4 Nf6 36. Qf3 {[%emt 0:01:03] Threatens to win with Rc1.} Qg6 37. Rc1 Ne4 (37... g4 $1 $14 38. hxg4 Nxg4) 38. Nf5 ({White should play} 38. Rc6 $16 Rd6 39. Rxd6 Nxd6 40. Qa8+ Kg7 41. Qxa7) 38... Nc5 39. h4 h5 $2 (39... Qf6 $14) 40. hxg5 $18 Qxg5 41. Rc4 Ne6 {[%emt 0:03:05] [#]} 42. Ng3 (42. g3 $1 $18) 42... Qd5 $16 43. Rc8+ Kh7 44. Qf6 ({But not} 44. Qxh5+ $6 Qxh5 45. Nxh5 Rd1+ 46. Kh2 Rd2 $11) ({Reject} 44. Nxh5 $6 Qxf3 45. gxf3 Rd2 $11) 44... Ng7 45. Rc6 {[%emt 0:00:00] White is much more active.} Ne6 {[%emt 0:02:02] [#]} 46. Rc1 {[%emt 0:00:00] Nf5 is the strong threat.} Ng7 {[%emt 0:01:25] Repels Nf5} 47. Qf4 Re7 {[%emt 0:11:10] Prevents Ne4} 48. Rc8 Qd1+ 49. Kh2 Qg4 {[%emt 0:00:07] Inhibits Nf5.} 50. Qb8 (50. Qf6 $16) 50... Rd7 $11 51. Rh8+ Kg6 52. Qg8 $2 (52. Nf1 $11) 52... Qh4+ $18 53. Kg1 Rd1+ 54. Nf1 {[%emt 0:00:05] aiming for Qh7+.} Qc4 {[%emt 0:02:16][%csl LRa2,LRf1] The position is equal.} 55. Qh7+ Kf6 56. Qh6+ Ke7 (56... Kf5 $2 57. e4+ Ke5 58. Qxg7+ $18) 57. Qg5+ Ke6 58. Kh2 $1 {[%emt 0:00:16] Dancing on a razor blade.} ({Not} 58. Rh6+ $2 Kd7 59. Kh2 Rxf1 $17) 58... Rxf1 (58... Qxf1 59. Rh6+ Kd7 60. Qf4 $16) 59. f4 Qc3 {[%emt 0:01:43] ...Qa1 would be deadly.} 60. Rh6+ f6 {[%emt 0:01:09][%cal Oc3a1] White must now prevent ...Qa1!} 61. Qxg7 {[%emt 0:00:06] And now Qg8+ would win.} Rh1+ $1 {[%emt 0:00:18][%mdl 64] Decoy} 62. Kxh1 Qe1+ {[%emt 0:00:05][%mdl 32768] Weighted Error Value: White=0.08 (flawless) /Black=0.10 (very precise) . An unexpected result.} 1/2-1/2

[Event "ETCC Open 2023"]
[Site "Budva"]
[Date "2023.11.12"]
[Round "2.5"]
[White "Pasko, Llambi"]
[Black "Kadric, Denis"]
[Result "1/2-1/2"]
[ECO "E94"]
[WhiteElo "2395"]
[BlackElo "2584"]
[Annotator "TA"]
[PlyCount "75"]
[EventDate "2023.11.10"]
[EventType "team-tourn"]
[EventCountry "MNE"]
[SourceTitle "playchess.com"]
[Source "ChessBase"]
[SourceQuality "1"]
[WhiteTeam "Albania"]
[BlackTeam "Montenegro"]
[WhiteTeamCountry "ALB"]
[BlackTeamCountry "MNE"]
[TimeControl "40/5400+30:1800+30"]

1. d4 Nf6 2. c4 d6 3. Nc3 g6 4. e4 Bg7 5. Nf3 O-O 6. Be2 Nbd7 7. O-O e5 8. d5 Nc5 9. Qc2 a5 10. Bg5 h6 11. Be3 b6 12. Nd2 h5 {[%emt 0:00:17] E94: King's Indian: Classical: 6 Be2 e5 7 0-0: Various Black 7th moves.} 13. f3 Nh7 14. b3 Bf6 {[%emt 0:01:31] [#]} 15. Nb5 $146 ({Predecessor:} 15. a3 Bg5 16. Bxg5 Qxg5 17. Kh1 Na6 18. Rf2 h4 19. Nf1 f5 20. Qd2 Nc5 21. Bd1 fxe4 22. Nxe4 Nxe4 23. fxe4 Rxf2 24. Qxf2 {0-1 Citak,S (2281)-Tekeyev,Z (2397) Pozarevac Rudar 10th 2023 (3)}) 15... Bd7 16. a3 Bg5 17. Qc3 Bxb5 18. cxb5 h4 19. Rfc1 f5 20. exf5 gxf5 21. b4 Nd7 22. Nf1 axb4 (22... Bxe3+ {keeps more tension.} 23. Qxe3 h3 24. Qh6 hxg2 25. Ng3 Kh8) 23. axb4 Rxa1 24. Rxa1 h3 25. Bxg5 Nxg5 (25... Qxg5 26. g3 $14) 26. g3 (26. Ra7 $11) 26... f4 $15 27. Ra7 {[%emt 0:01:24] [#]} (27. Nd2 $15) 27... e4 $1 $17 {[%emt 0:03:57] ...Qe8 would be deadly.} 28. fxe4 (28. Rxc7 exf3 29. Bd3 f2+ 30. Kh1 (30. Kxf2 $2 fxg3+ 31. Kxg3 Rf3+ 32. Kg4 Nf6+ 33. Kxg5 Nxd5+ {[%mdl 64] Discovered Attack, Double Attack} 34. Kg4 Rf4+ 35. Kxh3 Nxc3 $19) 30... Qe8 $17) (28. gxf4 $17 exf3 29. Bxf3) 28... Qe7 $2 (28... f3 $19 29. Bd3 f2+ 30. Kh1 Rf3) 29. gxf4 $11 (29. Rxc7 Qxe4 30. Kf2 fxg3+ 31. Ke1 g2 32. Ng3 g1=Q+ 33. Kd2 Qf4+ 34. Kc2 Qgc1+ 35. Kb3 Qb1+ 36. Qb2 Qxb4+ 37. Kxb4 Qxb2+ 38. Ka4 Nc5+ 39. Rxc5 Ra8#) 29... Rxf4 (29... Qxe4 {is more complex.} 30. Qg3 Qxf4 31. Rxc7 Ne5) 30. Ng3 $36 {[%emt 0:01:15][%mdl 2048] White has the initiative.} (30. Qxc7 Qg7 31. Ra8+ (31. Qxd7 $2 Nf3+ {[%mdl 64] Discovered Attack (Double check)} 32. Kh1 Qg2#) 31... Kh7 $19) 30... Nxe4 31. Qe3 (31. Qxc7 Nxg3 32. Qc8+ Rf8) (31. Nxe4 $11 Qxe4 32. Ra8+ (32. Qxh3 $2 Qxe2 33. Qe6+ Qxe6 $19) (32. Qg3+ Kf8 $11) 32... Rf8 33. Rxf8+ Nxf8 34. Bf1) 31... Qg5 $17 {[%emt 0:03:14][%cal Of4f1] aiming for ...Rf1+!} 32. Ra8+ {[%emt 0:01:19] [#]} (32. Ra3 $17 {is a better defense.}) 32... Nf8 {[%emt 0:00:36] Excellent horsemanship.} (32... Kf7 $1 $19 {[%cal Of4f1] Hoping for ...Rf1+!} 33. Ra1 Ndf6) 33. Ra3 Ng6 {[%emt 0:00:42] Strongly threatening ...Ne7.} 34. Bf1 Qg4 35. Be2 Qg5 36. Bf1 $1 ({Much weaker is} 36. Bd3 Nxg3 37. hxg3 Qxd5 38. Qe8+ Nf8 $17) 36... Qg4 37. Be2 Qg5 {[%emt 0:01:34] Threatens to win with ...Ne7.} 38. Bf1 $1 {[%emt 0:01:28] Weighted Error Value: White=0.25 (precise) /Black=0.31} ({Reject} 38. Bd3 Nxg3 {[%mdl 64] Discovered Attack} 39. hxg3 Qxd5 40. Qe8+ Nf8 $17) 1/2-1/2

[Event "ETCC Open 2023"]
[Site "Budva"]
[Date "2023.11.12"]
[Round "2.6"]
[White "Djukic, Nikola"]
[Black "Mehmeti, Dritan"]
[Result "1-0"]
[ECO "C10"]
[WhiteElo "2518"]
[BlackElo "2377"]
[Annotator "ChessBase"]
[PlyCount "33"]
[EventDate "2023.11.10"]
[EventType "team-tourn"]
[EventCountry "MNE"]
[SourceTitle "playchess.com"]
[Source "ChessBase"]
[SourceQuality "1"]
[WhiteTeam "Montenegro"]
[BlackTeam "Albania"]
[WhiteTeamCountry "MNE"]
[BlackTeamCountry "ALB"]
[TimeControl "40/5400+30:1800+30"]

1. e4 e6 2. d4 d5 3. Nc3 dxe4 4. Nxe4 Nd7 5. Nf3 Ngf6 6. Nxf6+ Nxf6 7. c3 Bd6 8. Bd3 O-O 9. Bg5 b6 10. Ne5 Bb7 11. Qe2 c5 12. Rd1 cxd4 13. Bb1 Ba6 14. Qxa6 Bxe5 15. Qd3 g6 16. Qf3 Qd5 17. cxd4 1-0

[Event "ETCC Open 2023"]
[Site "Budva"]
[Date "2023.11.12"]
[Round "2.7"]
[White "Ashiku, Franc"]
[Black "Petrov, Nikita"]
[Result "0-1"]
[ECO "D13"]
[WhiteElo "2396"]
[BlackElo "2567"]
[Annotator "RC"]
[PlyCount "116"]
[EventDate "2023.11.10"]
[EventType "team-tourn"]
[EventCountry "MNE"]
[SourceTitle "playchess.com"]
[Source "ChessBase"]
[SourceQuality "1"]
[WhiteTeam "Albania"]
[BlackTeam "Montenegro"]
[WhiteTeamCountry "ALB"]
[BlackTeamCountry "MNE"]
[TimeControl "40/5400+30:1800+30"]

1. d4 Nf6 2. c4 c6 3. Nc3 d5 4. cxd5 cxd5 5. Bf4 Nc6 6. Nf3 Nh5 7. Bd2 e6 8. e3 Nf6 9. Ne5 Nxe5 10. dxe5 Nd7 11. f4 Be7 12. Qc2 a6 13. O-O-O b5 14. Kb1 b4 15. Ne2 Qb6 16. Qa4 O-O 17. Nd4 a5 18. Qc6 Bc5 19. Rc1 Qxc6 20. Nxc6 Ba6 21. Rc2 f6 22. f5 Bxf1 23. Rxf1 fxe5 24. Rfc1 Rxf5 25. Rxc5 Nxc5 26. Rxc5 Rf2 27. Be1 Rxg2 28. Bg3 d4 29. exd4 exd4 30. Nxd4 a4 31. Rc2 Rg1+ 32. Rc1 Rg2 33. Nf3 Rd8 34. Rc2 Rd1+ 35. Rc1 Rd8 36. Rc2 Rd1+ 37. Rc1 Rxc1+ 38. Kxc1 a3 39. bxa3 bxa3 40. Nd2 g5 41. Bd6 h5 42. h3 h4 43. Bxa3 Rg3 44. Bd6 Rxh3 45. Ne4 Rd3 46. Bh2 Rf3 47. Kd1 g4 48. Ke2 Rf5 49. a3 Kg7 50. Bg1 Kg6 51. a4 g3 52. Bb6 g2 53. Nd2 h3 54. Nf3 Kh5 55. Nh2 Rg5 56. Bg1 Ra5 57. Be3 Re5 58. Nf3 Rxe3+ 0-1

[Event "ETCC Open 2023"]
[Site "Budva"]
[Date "2023.11.12"]
[Round "2.8"]
[White "Draskovic, Luka"]
[Black "Veleshnja, Zino"]
[Result "1-0"]
[ECO "C00"]
[WhiteElo "2476"]
[BlackElo "2269"]
[Annotator "ChessBase"]
[PlyCount "117"]
[EventDate "2023.11.10"]
[EventType "team-tourn"]
[EventCountry "MNE"]
[SourceTitle "playchess.com"]
[Source "ChessBase"]
[SourceQuality "1"]
[WhiteTeam "Montenegro"]
[BlackTeam "Albania"]
[WhiteTeamCountry "MNE"]
[BlackTeamCountry "ALB"]
[TimeControl "40/5400+30:1800+30"]

1. Nf3 Nf6 2. g3 e6 3. Bg2 d5 4. O-O Be7 5. d3 O-O 6. Nbd2 c5 7. e4 Nc6 8. Re1 b5 9. exd5 exd5 10. d4 Bf5 11. dxc5 Bxc5 12. Nb3 Bb6 13. Be3 Rc8 14. c3 b4 15. Nfd4 Nxd4 16. Nxd4 Bxd4 17. Qxd4 bxc3 18. bxc3 Be4 19. f3 Bf5 20. Bf1 Qa5 21. Qb4 Qc7 22. Bd4 Rfe8 23. Qa4 Rxe1 24. Rxe1 h5 25. Qa6 Nd7 26. Qb5 Nc5 27. Re8+ Rxe8 28. Qxe8+ Kh7 29. Qa8 Na4 30. Qf8 f6 31. Qe8 Qd7 32. Qxh5+ Kg8 33. Qh4 Nb6 34. Qf4 Kh7 35. g4 Bg6 36. h4 Nc4 37. h5 Bc2 38. h6 Qd6 39. Qxd6 Nxd6 40. hxg7 Ne8 41. Bb5 Nxg7 42. Bxf6 Ne6 43. Bd4 a5 44. Kf2 a4 45. Bc6 Bb3 46. a3 Nd8 47. Bb5 Nb7 48. Bd3+ Kg8 49. Ke3 Nd6 50. Be5 Nc4+ 51. Bxc4 Bxc4 52. f4 Bb3 53. f5 Bd1 54. Kf4 Kh7 55. g5 Bc2 56. Bd4 Bd3 57. Ke5 Kg8 58. Kf6 Bb5 59. g6 1-0

[Event "ETCC Open 2023"]
[Site "Budva"]
[Date "2023.11.12"]
[Round "2.9"]
[White "Dragnev, Valentin"]
[Black "Carlsen, Magnus"]
[Result "1/2-1/2"]
[ECO "B30"]
[WhiteElo "2589"]
[BlackElo "2829"]
[Annotator "TA"]
[PlyCount "131"]
[EventDate "2023.11.10"]
[EventType "team-tourn"]
[EventCountry "MNE"]
[SourceTitle "playchess.com"]
[Source "ChessBase"]
[SourceQuality "1"]
[WhiteTeam "Austria"]
[BlackTeam "Norway"]
[WhiteTeamCountry "AUT"]
[BlackTeamCountry "NOR"]
[TimeControl "40/5400+30:1800+30"]

1. e4 c5 2. Nf3 Nc6 3. Bb5 e6 4. O-O Nge7 5. Re1 Nd4 6. Nxd4 cxd4 7. c3 a6 8. Bf1 {[%emt 0:00:34] B30: Sicilian: 2...Nc6 3 Bb5, lines without ...g6.} Nc6 9. b4 $1 {[%emt 0:00:44][%mdl 4] Prevents Bc5 is recently more successful than 9.d3.} Be7 10. a4 O-O 11. Na3 dxc3 12. dxc3 Bf6 13. Bb2 {[%emt 0:02:12] [#]} d6 $146 ({Predecessor:} 13... d5 14. Qb3 dxe4 15. Nc4 Qc7 16. Rxe4 Bd7 17. a5 Rad8 18. Nb6 Be8 19. Rd1 Ne5 {0-1 Agmanov,Z (2425)-Fedorov,A (2532) Cheliabinsk Panchenko Memorial op-A 2021 (5)}) 14. Qb3 Qc7 15. Rad1 Rd8 16. Nc4 b6 17. Ne3 Bb7 18. Ng4 Bg5 19. c4 h5 {[%emt 0:01:10] [#]} 20. Qc3 $1 f6 {[%emt 0:03:11] [#]} (20... e5 21. Ne3) 21. h4 $1 Bxh4 22. Qh3 {[%emt 0:00:16] Hoping for Nh6+.} hxg4 23. Qxh4 Nxb4 24. Re3 (24. Qxg4 $5 e5 25. Re3 $11) 24... e5 $1 25. Qxg4 Bc8 26. Qh4 {[%emt 0:00:27][%mdl 1024] White has compensation.} Be6 (26... g5 $1 $11 27. Qh6 Qg7 28. Qxg7+ Kxg7) 27. Rg3 $1 $16 Rf8 (27... Kf7 $16 28. Qh5+ (28. Qh7 Rg8 $11) 28... Kg8) 28. Bc1 (28. Be2 $18 {has better winning chances.}) 28... Ra7 $2 (28... Bxc4 $2 29. Bh6 (29. Rh3 Bxf1 30. Qh7+ Kf7 $16) 29... b5 30. Bxg7 Qxg7 31. Rxd6 $18) (28... Nc6 $16) 29. Be2 $1 $18 {[%emt 0:04:20] And now Bh5 would win.} Qd8 30. Rg6 (30. f4 $18 {and White stays clearly on top.}) 30... Rd7 31. Kh2 (31. Qg3 $16 Kh8 32. Kh2) 31... Rff7 ({Better is} 31... Qc7 $14) 32. Rh1 $1 $16 Kf8 33. Kg1 Ke7 34. Qg3 $1 Qg8 35. Be3 Rb7 (35... a5 $16) 36. f4 $1 $18 {[%emt 0:03:55] f5 would be deadly.} exf4 (36... Kd8 {was worth a try.}) 37. Bxf4 (37. Qxf4 Nc6 $11) 37... Rd7 38. Rh5 {[%emt 0:01:51] Threatens to win with a5.} Nc6 39. Qh4 (39. a5 $1 $16 ) 39... Rd8 (39... Qa8 $1 $11 {keeps the balance.}) 40. Qf2 $16 Rb8 {[%emt 0:08:01] [#]} (40... Rc8 $16 {might work better.}) 41. a5 $1 $18 {[%emt 0:08:19][%mdl 576] Deflection} Nxa5 (41... bxa5 $142 42. c5 Kd7) (41... Ne5 42. Bxe5) 42. Qd4 $2 (42. Qg3 $18 Rd8 43. Bh6) 42... Qd8 $16 {[%emt 0:08:41] [#]} 43. Rh7 $1 {[%emt 0:00:25] White is much more active.} ({Weaker is} 43. Rh8 Nc6 44. Qd3 (44. Rxd8 $2 {perishes.} Nxd4 45. Rxb8 Nxe2+ 46. Kf2 Nxf4 $19) 44... Qc7 45. Rxb8 Qxb8 $17) 43... Nc6 44. Qd2 Qc7 {[%emt 0:02:34] ...Rg8 is the strong threat.} 45. Rgxg7 ({Reject} 45. Rhxg7 $6 Ne5 46. Bxe5 dxe5 $11) 45... Rbf8 {[%emt 0:01:09] Dodges Bxd6+} 46. Bh5 {[%emt 0:01:37][%mdl 64] Pin. The board is on fire. This pair of bishops is nice.} Nd8 47. Bxf7 (47. e5 {is more complex.} dxe5 48. Be3 Qd6 49. Bxf7 Rxf7 50. Qc1) 47... Rxf7 48. Be3 Rxg7 49. Rxg7+ Nf7 50. Qb4 (50. Bd4 $16) 50... Qxc4 $11 51. Qxb6 (51. Qxc4 {simplifies} Bxc4 52. Bxb6 Bd3 53. Rg4) 51... Qxe4 52. Rg8 (52. Bf2 {keeps more tension.} Qd3 53. Be1 Qe2 54. Qf2) 52... Bd7 (52... Qd3 {is interesting.} 53. Qd4 Qb1+ 54. Kf2 Qc2+) 53. Bf2 Qd3 54. Rg3 (54. Bh4 {looks sharper.} Qd1+ 55. Kh2 Qe2 56. Kh1) 54... Qd1+ 55. Kh2 Qh5+ 56. Kg1 Qb5 57. Qe3+ Ne5 58. Rg7+ Ke6 $1 {[%emt 0:00:05] The position is equal.} 59. Qh3+ Kd5 60. Qh7 {[%emt 0:01:45] Against Qb1+} f5 61. Bg3 {[%emt 0:01:02] Strongly threatening Bxe5.} Ng4 62. Qg8+ Be6 63. Qa8+ Kd4 64. Qa7+ (64. Bxd6 $2 Qb1#) 64... Kd3 {[%emt 0:01:20] ( -> ...Qb1+)} 65. Rb7 Qc5+ 66. Qxc5 {[%emt 0:00:33] White really could win this.   Weighted Error Value: White=0.20 (precise) /Black=0.21 (precise)} 1/2-1/2

[Event "ETCC Open 2023"]
[Site "Budva"]
[Date "2023.11.12"]
[Round "2.10"]
[White "Tari, Aryan"]
[Black "Ragger, Markus"]
[Result "1/2-1/2"]
[ECO "C42"]
[WhiteElo "2620"]
[BlackElo "2615"]
[Annotator "TA"]
[PlyCount "79"]
[EventDate "2023.11.10"]
[EventType "team-tourn"]
[EventCountry "MNE"]
[SourceTitle "playchess.com"]
[Source "ChessBase"]
[SourceQuality "1"]
[WhiteTeam "Norway"]
[BlackTeam "Austria"]
[WhiteTeamCountry "NOR"]
[BlackTeamCountry "AUT"]
[TimeControl "40/5400+30:1800+30"]

1. e4 e5 2. Nf3 Nf6 3. Nxe5 d6 4. Nf3 Nxe4 5. d3 Nf6 6. d4 g6 {[%emt 0:00:21] C42: Petroff Defence: 3 Nxe5 and unusual White 3rd moves.} 7. Bb5+ (7. Bg5 $5 Bg7 8. Nc3 $11) 7... c6 8. Bd3 Bg7 9. O-O O-O 10. h3 c5 11. Nc3 {[%emt 0:14:27] 11.c3 is the recent fashion.} Nc6 12. Be3 b6 13. Qd2 Bb7 {[%emt 0:00:30] [#]} 14. Be2 $146 ({Predecessor:} 14. Bh6 Ne7 15. Bxg7 Kxg7 16. Nh2 Qd7 17. Rfe1 a6 18. Ne4 Bxe4 19. Bxe4 d5 20. Bf3 c4 21. Qf4 {1-0 Erdos,V (2615)-Korpa,B (2511) HUN-chT 2122 2021 (2.1)}) 14... Ne7 15. Bg5 Nf5 (15... d5 $5 ) 16. dxc5 dxc5 17. Rad1 Qxd2 18. Rxd2 Rfe8 19. Bb5 Red8 20. Rfd1 Rxd2 21. Nxd2 Nd4 22. Bd3 Ne6 23. Be3 Rd8 24. Be2 Nd4 25. Bxd4 cxd4 26. Nb3 Nd5 27. Nb5 Nf4 28. Bf1 Rd5 (28... Ne6 {simplifies} 29. Nxa7 Ra8 30. Nb5 Rxa2 31. N3xd4 Nxd4 32. Nxd4 Rxb2 33. c3 Bh6) 29. Re1 (29. Bc4 $11 {keeps the balance.}) 29... d3 $1 $36 {[%emt 0:04:48][%mdl 2048] Keeping White busy.} 30. Re8+ Bf8 {[%emt 0:00:03] A strong pair of Bishops.} 31. Nc3 {[%emt 0:01:53] [#]} d2 $1 32. Nd1 Kg7 (32... Rd6 $17 33. c3 Bc6) 33. Re3 $15 a5 {[%emt 0:00:30] aiming for ...a4.} 34. g3 {[%emt 0:00:27] [#]} (34. a4 $15) 34... a4 $1 $17 35. gxf4 axb3 36. Rxb3 Rd4 {[%emt 0:00:49][%cal Ob7e4] Strongly threatening ...Be4!} 37. Bg2 {[%emt 0:01:00] [#]} Ba6 {[%emt 0:00:28][%mdl 1024] Black has strong compensation.} 38. Bf1 Bb7 (38... Bc8 $17 {Hoping for ...Bf5.} 39. Kg2 Bb7+ 40. f3 Rxf4) 39. Bg2 $15 Ba6 ({Better is} 39... Bc8 $15 40. Rxb6 h5) 40. Bf1 {[%emt 0:00:27] Weighted Error Value: White=0.14 (very precise) /Black=0.13 (very precise)} 1/2-1/2